 Dungeon Crawl Stone Soup version 0.31-a0-105-gc0b45f0da6 (webtiles) character file.

Game seed: 18260012535534484732

72 Colgate the Magician (level 4, -1/33 HPs)
             Began as a Meteoran Necromancer on May 27, 2023.
             Splashed by a jelly's acid (9 damage)
             ... on level 4 of the Dungeon.
             The game lasted 00:07:16 (735 turns).

Colgate the Magician (Meteoran Necromancer)          Turns: 735, Time: 00:07:17

Health: -1/33      AC: -2    Str: 10    XL:     4   Next: 79%
Magic:  6/12       EV: 12    Int: 18    God:
Gold:   16         SH:  0    Dex: 14    Spells: 9/13 levels left

rFire   . . .        b - +0 sling
rCold   . . .        (no shield)
rNeg    . . .        c - +0 robe
rPois   .            (no helmet)
rElec   .            (no cloak)
rCorr   .            (no gloves)
SInv    .            (no boots)
Will    .....        (no amulet)
Stlth   +            (no ring)
HPRegen 0.25/turn    (no ring)
MPRegen 0.13/turn

%: no passive effects
@: corroded, glowing
A: sense surroundings 1, otherworldly, glowing, explore regen
a: no special abilities


You were on level 4 of the Dungeon.
You visited 1 branch of the dungeon, and saw 5 of its levels.

You collected 98 gold pieces.
You spent 82 gold pieces at shops.

Inventory:

Hand Weapons
 a - a +0 short sword
 b - a +0 sling (weapon)
Armour
 c - a +0 robe (worn)
Scrolls
 f - a scroll of magic mapping {unknown}
 j - a scroll of enchant weapon {unknown}
 l - a scroll of blinking {@r4}
Potions
 d - 3 potions of curing {unknown}
 e - a potion of resistance {unknown}
 g - a potion of attraction {unknown}
 h - a potion of degeneration {unknown}
 i - 2 potions of magic
 k - a potion of brilliance {unknown}


   Skills:
 - Level 2.4 Dodging
 - Level 1.4 Stealth
 - Level 5.0 Spellcasting
 + Level 4.8 Necromancy


You had 9 spell levels left.
You knew the following spells:

 Your Spells              Type           Power      Damage    Failure   Level
a - Necrotise             Necr           88%        1d8       1%          1
b - Vampiric Draining     Necr           22%        2d7       5%          3

Your spell library contained the following spells:

 Spells                   Type           Power      Damage    Failure   Level
 Animate Dead             Necr           22%        N/A       19%         4
 Agony                    Necr           22%        N/A       45%         5


Dungeon Overview and Level Annotations

Branches:
Dungeon (5/15) Zot: 2247
 Temple: D:4-7

Altars:

Shops:
D:4 (?


Innate Abilities, Weirdness & Mutations

You passively map a small area around you.
You are easily found by Zot.
You glow in the dark.
You regain HP and MP as you explore.


Message History

Aiming: Vampiric Draining (dangerous; 5% risk of failure)
Aim: an orc, wielding a +0 hand axe and wearing a +0 ring mail You draw life force from the orc!
You kill the orc!
You feel life coursing into your body.
Things that are here:
a +0 hand axe; a +0 ring mail; an orc corpse
Found 8 gold pieces.
You now have 16 gold pieces (gained 8).
Found 2 poisoned darts.
Found a stone staircase leading down.
There is a stone staircase leading down here.
You climb downwards.
There is a stone staircase leading up here.
Fire: b) +0 sling
Aim: a jelly (asleep, 98% to hit)
You shoot a sling bullet. The sling bullet hits the jelly.
The jelly quivers.
The jelly hits you.
You are splashed with acid!
The jelly hits you.
You are splashed with acid!
You climb upwards.
There is a stone staircase leading down here.
Casting: Vampiric Draining (dangerous; 5% risk of failure)
Aiming: Vampiric Draining (dangerous; 5% risk of failure)
Aim: a dart slug You draw life force from the dart slug!
You feel life coursing into your body.
The dart slug bites you but does no damage.
The jelly hits you. The acid corrodes you!
You are splashed with acid!
* * * LOW HITPOINT WARNING * * *
Casting: Vampiric Draining (dangerous; 5% risk of failure)
Aiming: Vampiric Draining (dangerous; 5% risk of failure)
Aim: a dart slug (severely wounded)
You draw life force from the dart slug!
You kill the dart slug!
You feel life coursing into your body. The jelly hits you.
* * * LOW HITPOINT WARNING * * *
You are splashed with acid!
You die...

,#. * #. , #.# #.# #.
,,,#.. #.# #. #.,
#(.##.# #. #.. #...#.#
#. #...#.....# #.
#.#.#...#.# #.
#.#.....#†# #. #.#
#...J@# #. #.# #...###
#. , #.# #...# #. ,, #<#
#...# #. #.....###...#
#. #######.....# #.
#.#...# #.
#.#####################.
#.......................


You could see a jelly.

Vanquished Creatures
  Natasha (D:2)
  An adder (D:4)
  A shadow imp (D:4)
  A dart slug (D:4)
  2 orcs (D:4)
  4 ball pythons
  An endoplasm (D:3)
  2 goblins
  3 hobgoblins
  3 kobolds
  A quokka (D:2)
  4 bats
  2 frilled lizards (D:2)
  A rat (D:2)
27 creatures vanquished.

Vanquished Creatures (collateral kills)
  A dart slug (D:2)
  A rat (D:2)
2 creatures vanquished.

Grand Total: 29 creatures vanquished

Notes
Turn   | Place    | Note
-------+----------+-------------------------------------------
     0 | D:1      | Colgate the Meteoran Necromancer began the quest for the
                  | Orb.
     0 | D:1      | Reached XP level 1. HP: 14/14 MP: 5/5
    25 | D:1      | Reached skill level 3 in Spellcasting
    32 | D:1      | Reached XP level 2. HP: 20/20 MP: 2/7
   124 | D:3      | Reached skill level 4 in Spellcasting
   124 | D:3      | Reached XP level 3. HP: 26/26 MP: 1/9
   128 | D:3      | Learned a level 3 spell: Vampiric Draining
   304 | D:2      | Noticed Natasha
   313 | D:2      | Killed Natasha
   314 | D:2      | Reached XP level 4. HP: 24/33 MP: 1/11
   391 | D:3      | Reached skill level 5 in Spellcasting
   495 | D:4      | Found Ciux's Magic Scroll Shoppe.
   525 | D:4      | Found Byil's Antique Weapon Shoppe.
   545 | D:4      | Bought a scroll of blinking for 82 gold pieces
   554 | D:5      | Entered Level 5 of the Dungeon
   735 | D:4      | Splashed by a jelly's acid

Illustrated notes

Levels and vault maps discovered:
D:1:      evilmike_arrival_plus, layout_basic, minivault_25
D:2:      layout_rooms, basic_altar, minmay_misc_feat_iff, uniq_jessica,
          uniq_natasha
D:3:      layout_rooms, nicolae_overflow_quartered_altars,
          mainiacjoe_overflow_catwalk
D:4:      layout_basic, kennysheep_little_box, nemelex_spade_bored_becter,
          serial_shops, shop, shop, shop, shop, nicolae_titane
D:5:      layout_cave_pools, serial_column_ruins, column_ruins_hut,
          column_ruins_square_large, column_ruins_columns_straight,
          column_ruins_columns_corner, column_ruins_open_small,
          column_ruins_open_tiny, column_ruins_open_large,
          column_ruins_open_medium, uniq_eustachio, uniq_sigmund

Skill      XL: |  1  2  3  4 |
---------------+-------------+-----
Spellcasting   | 3 4 5 |  5.0
Dodging        | |  2.4
Stealth        | |  1.4
Necromancy     | |  4.8

Action                     |  1- 3 |  4- 6 || total
---------------------------+-------+-------++-------
  Melee: Short sword       |     7 |     4 ||    11
   Fire: Sling             |       |    41 ||    41
   Cast: Necrotise         |    34 |     2 ||    36
         Vampiric Draining |       |     6 ||     6
 Armour: Robe              |     4 |     7 ||    11
  Dodge: Dodged            |    15 |    17 ||    32

Table legend: (Time is in decaauts)
 A = Elapsed time spent in this place.
 B = Non-inter-level travel time spent in this place.
 C = Inter-level travel time spent in this place.
 D = Time resting spent in this place.
 E = Time spent auto-exploring this place.
 F = Levels seen in this place.
 G = Mean time per level.
                   A        B        C        D        E       F      G
               +--------+--------+--------+--------+--------+-----+--------+
         Total |    751 |    751 |      0 |      0 |      0 |   5 |  150.2 |
       Dungeon |    751 |    751 |      0 |      0 |      0 |   5 |  150.2 |
               +--------+--------+--------+--------+--------+-----+--------+

Top non-repeatable levels by time:
     D:4: 314 daAuts
     D:2: 175 daAuts
     D:1: 149 daAuts
     D:3: 104 daAuts
     D:5: 7 daAuts
